 Dungeon Crawl Stone Soup version 0.30-a0-696-g2367cd04db (webtiles) character file.

Game seed: 10150290092163837699

478 holysushi the Ducker (level 7, -1/35 HPs)
             Began as a Vine Stalker Monk on Jan 21, 2023.
             Slain by a necrophage (4 damage)
             ... on level 5 of the Dungeon.
             The game lasted 00:05:44 (3672 turns).

holysushi the Ducker (Vine Stalker Monk)            Turns: 3672, Time: 00:05:45

Health: -1/35      AC:  2    Str: 14    XL:     7   Next: 11%
Magic:  0/12       EV: 14    Int: 10    God:
Gold:   273        SH:  0    Dex: 18    Spells: 11/11 levels left

rFire   . . .      SeeInvis .    t - +3 dagger
rCold   . . .      Faith    .    (no shield)
rNeg    . . .      Spirit   +    b - +0 robe
rPois   .          Reflect  .    (no helmet)
rElec   .          Harm     .    (no cloak)
rCorr   .          Rampage  .    (no gloves)
Will    .....                    (no boots)
Stlth   ++                       (no amulet)
HPRegen 1.05/turn                (no ring)
MPRegen 0.13/turn                (no ring)

@: no status effects
A: fangs 2, regeneration 1, magic shield, antimagic bite, no potion heal 2
a: no special abilities


You were on level 5 of the Dungeon.
You visited 1 branch of the dungeon, and saw 5 of its levels.

You collected 273 gold pieces.

Inventory:

Hand Weapons
 a - a +0 short sword
 t - a +3 dagger (weapon)
Armour
 b - a +0 robe (worn)
Jewellery
 u - a ring of see invisible
Wands
 q - a wand of flame (11)
 v - a wand of paralysis (8)
Scrolls
 e - 2 scrolls of fear {unknown}
 f - 4 scrolls of teleportation {unknown}
 h - 2 scrolls of blinking {unknown}
 k - 4 scrolls of fog {unknown}
 l - 2 scrolls of identify {unknown}
 p - a scroll of magic mapping {unknown}
 s - 2 scrolls of immolation {unknown}
 x - a scroll of enchant armour {unknown}
 y - a scroll of vulnerability {unknown}
 A - a scroll of enchant weapon {unknown}
Potions
 c - 4 potions of ambrosia
 d - a potion of cancellation {unknown}
 g - a potion of brilliance {unknown}
 i - a potion of mutation {unknown}
 j - a potion of degeneration {unknown}
 m - 2 potions of flight {unknown}
 n - a potion of magic {unknown}
 o - a potion of haste {unknown}
 w - a potion of resistance {unknown}
 z - a potion of attraction {unknown}


   Skills:
 - Level 2.6 Fighting
 - Level 4.5 Short Blades
 + Level 4.9 Dodging
 - Level 2.4 Stealth
 - Level 2.7 Spellcasting


You had 11 spell levels left.
You didn't know any spells.
Your spell library contained the following spells:

 Spells                   Type           Power      Damage    Failure   Level
 Summon Small Mammal      Summ           4%         N/A       28%         1
 Call Canine Familiar     Summ           1%         N/A       65%         3
 Summon Guardian Golem    Hex/Summ       1%         N/A       65%         3


Dungeon Overview and Level Annotations

Branches:
Dungeon (5/15) Zot: 26380
 Temple: D:4-7

Altars:
Dithmenos
Qazlal
Yredelemnul
Zin

Shops:
D:3 =   D:4 *


Innate Abilities, Weirdness & Mutations

You have extremely sharp teeth.
Your natural rate of healing is unusually fast.
When hurt, damage is shared between your health and your magic reserves.
Your bite disrupts and absorbs the magic of your enemies.
Potions cannot restore your health.


Message History

You see here a +0 leather armour.
A necrophage comes into view.
The iguana hisses angrily.
The iguana bites you.
You completely miss the iguana. Your bite misses the iguana.
The iguana attacks as you move away! The iguana bites you!
The iguana attacks as you move away! The iguana closely misses you.
You hit the iguana. Your bite misses the iguana.
The iguana is moderately wounded.
The iguana bites you!
You hit the iguana.
The iguana is moderately wounded.
The iguana bites you.
You hit the iguana. You bite the iguana, but do no damage.
The iguana is moderately wounded.
The iguana bites you!
* * * LOW HITPOINT WARNING * * *
You barely miss the iguana. You bite the iguana, but do no damage.
The iguana is moderately wounded.
You barely miss the iguana. You bite the iguana. You drain its power.
You feel invigorated.
The iguana is severely wounded.
The iguana bites you!
* * * LOW HITPOINT WARNING * * *
Aiming: Paralyse
Press: ? - help, Shift-Dir - straight line, f/p - iguana
Aim: an iguana (severely wounded, chance to affect: 57%)
The iguana suddenly stops moving!
The helpless iguana fails to defend itself.
You impale the iguana!!
You kill the iguana!
Aiming: Paralyse
Press: ? - help, Shift-Dir - straight line, f - necrophage
Aim: a necrophage (chance to affect: 31%)
Okay, then.
Unknown command.
Okay, then.
The necrophage attacks as you move away!
The necrophage hits you.
You die...

#.# .
#.####...#.
#........)
#.#####..# #.#
..# # #.#
..#.## #.#
##...<.##
#.####........
#..[@n...$..#
#.#######.#.#
#.# #.# #.#
#.# #.. ###


You could see a necrophage.

Vanquished Creatures
  Grinder (D:4)
  A hound (D:4)
  Ijyb (D:3)
  3 iguanas
  An orc wizard (D:4)
  A gnoll (D:2)
  3 adders
  2 dart slugs
  11 orcs
  7 endoplasms
  5 giant cockroaches
  7 goblins
  5 hobgoblins
  3 jackals (D:2)
  4 quokkas
  7 ball pythons
  6 bats
  3 frilled lizards
  5 kobolds
  5 rats
81 creatures vanquished.

Vanquished Creatures (others)
  2 fungi (D:1)
2 creatures vanquished.

Grand Total: 83 creatures vanquished

Notes
Turn   | Place    | Note
-------+----------+-------------------------------------------
     0 | D:1      | holysushi the Vine Stalker Monk began the quest for the
                  | Orb.
     0 | D:1      | Reached XP level 1. HP: 11/11 MP: 2/2
     3 | D:1      | Noticed an electric eel
     4 | D:1      | Noticed an electric eel
    94 | D:1      | Found a faded altar of an unknown god.
   151 | D:1      | Reached skill level 1 in Spellcasting
   151 | D:1      | Reached XP level 2. HP: 16/16 MP: 4/4
   784 | D:2      | Reached XP level 3. HP: 14/19 MP: 4/6
  1434 | D:2      | Gained mutation: Your natural rate of healing is unusually
                  | fast. [Vine Stalker growth]
  1434 | D:2      | Reached XP level 4. HP: 23/23 MP: 8/8
  1766 | D:3      | Found Qyet's Jewellery Shoppe.
  1816 | D:3      | Found a basalt altar of Yredelemnul.
  1908 | D:3      | Identified the +1 sling "Ceometz" {flame, rPois rC+ rCorr
                  | Str-4}
  2025 | D:3      | Noticed Ijyb
  2033 | D:3      | Paralysed by Ijyb for 3 turns
  2052 | D:3      | Killed Ijyb
  2053 | D:3      | Reached XP level 5. HP: 13/27 MP: 2/10
  2202 | D:3      | Found a shadowy altar of Dithmenos.
  2398 | D:4      | Noticed Grinder
  2491 | D:4      | Found a stormy altar of Qazlal.
  2868 | D:4      | Reached XP level 6. HP: 32/32 MP: 11/11
  2876 | D:4      | Found Xufih's General Store.
  3396 | D:4      | Found a glowing silver altar of Zin.
  3607 | D:4      | Killed Grinder
  3608 | D:4      | Reached XP level 7. HP: 25/35 MP: 10/12
  3641 | D:5      | Entered Level 5 of the Dungeon
  3672 | D:5      | Slain by a necrophage

Illustrated notes

Levels and vault maps discovered:
D:1:      arrival_aquarium_b, layout_loops_cross,
          shapermc_ecumenical_altar_ellora
D:2:      minmay_general_purpose_star, layout_loops_corners, due_unseen_surprise
D:3:      layout_basic, yredelemnul_altar_generic, lemuel_doored_altar,
          serial_shops, nicolae_shop_temple_entry_statues_fountains, uniq_ijyb
D:4:      layout_layer_cave, grunt_qazlal_clouds, zin_treasury, serial_shops,
          shop, uniq_grinder
D:5:      layout_loops_ring, mainiacjoe_overflow_six_doors_small,
          minmay_manual_mess, uniq_prince_ribbit1

Skill      XL: |  1  2  3  4  5  6 |
---------------+-------------------+-----
Spellcasting   | 1 2 |  2.7
Short Blades   | 3 4 |  4.5
Dodging        | 3 4 |  4.9
Fighting       | |  2.6
Stealth        | |  2.4

Action                   |  1- 3 |  4- 6 |  7- 9 || total
-------------------------+-------+-------+-------++-------
Melee: Short sword       |    92 |    45 |       ||   137
       Bite              |    25 |    56 |     3 ||    84
       Dagger            |       |   126 |     7 ||   133
       Punch             |       |     1 |       ||     1
Evoke: Wand              |       |     5 |     1 ||     6
 Stab: Sleeping          |    11 |     5 |       ||    16
       Paralysed         |       |     1 |     1 ||     2
Armor: Robe              |    17 |    15 |       ||    32
Dodge: Dodged            |    50 |    83 |     1 ||   134

Table legend: (Time is in decaauts)
 A = Elapsed time spent in this place.
 B = Non-inter-level travel time spent in this place.
 C = Inter-level travel time spent in this place.
 D = Time resting spent in this place.
 E = Time spent auto-exploring this place.
 F = Levels seen in this place.
 G = Mean time per level.
                   A        B        C        D        E       F      G
               +--------+--------+--------+--------+--------+-----+--------+
         Total |   3619 |   3487 |    132 |     90 |   2660 |   5 |  723.8 |
       Dungeon |   3619 |   3487 |    132 |     90 |   2660 |   5 |  723.8 |
               +--------+--------+--------+--------+--------+-----+--------+

Top non-repeatable levels by time:
     D:4: 1147 daAuts
     D:2: 1060 daAuts
     D:3: 694 daAuts
     D:1: 688 daAuts
     D:5: 29 daAuts
